 Dungeon Crawl Stone Soup version 0.29.1-2-gbd0b4ee654 (webtiles) character file.

Game seed: 2945638247113641586

6392 funnyparkerb the Nimble (level 10, -9/49 HPs)
             Began as a Felid Summoner on Oct 27, 2022.
             Was an Initiate of Gozag.
             Mangled by Rupert
             ... wielding a +1 vorpal great mace
              (14 damage)
             ... on level 12 of the Dungeon on Oct 28, 2022.
             The game lasted 00:53:23 (17245 turns).

funnyparkerb the Nimble (Felid Summoner)           Turns: 17245, Time: 00:53:24

Health: -9/49      AC:  2    Str:  4    XL:     10   Next: 66%
Magic:  15/24      EV: 24    Int: 34    God:    Gozag
Gold:   2096       SH:  0    Dex: 16    Spells: 14/27 levels left
                                        Lives:  0   Deaths: 3

rFire   . . .      SeeInvis +   (weapon unavailable)
rCold   . . .      Faith    .   (shield unavailable)
rNeg    . . .      Spirit   .   (body armour unavailable)
rPois   .          Reflect  +   (helmet unavailable)
rElec   .          Harm     .   (cloak unavailable)
rCorr   .          Rampage  .   (gloves unavailable)
Will    +....                   (boots unavailable)
Stlth   +.........              o - amulet of reflection
HPRegen 0.16/turn               d - +6 ring of intelligence
MPRegen 0.19/turn               r - +6 ring of intelligence

@: confused, invisible, very slow
A: very small, claws 1, fangs 3, see invisible, speed 1, shaggy fur 2, stealthy
paws, no weapons or thrown items, no armour, multi-lived
a: Renounce Religion, Potion Petition, Call Merchant, Bribe Branch


You were on level 12 of the Dungeon.
You worshipped Gozag.
Gozag was most pleased with you.
You visited 2 branches of the dungeon, and saw 13 of its levels.

You collected 2149 gold pieces.
You paid 53 gold pieces to Gozag.

Inventory:

Jewellery
 d - a +6 ring of intelligence (left paw)
 e - an amulet of magic regeneration
 m - an amulet of regeneration
 o - an amulet of reflection (around neck)
 r - a +6 ring of intelligence (right paw)
 v - a ring of ice
 B - a ring of protection from cold
 G - a +6 ring of strength
 I - an amulet of the acrobat
Wands
 g - a wand of charming (5)
 y - a wand of flame (11)
 C - a wand of roots (3)
Scrolls
 b - 2 scrolls of teleportation {unknown}
 l - a scroll of noise {unknown}
 n - 2 scrolls of silence {unknown}
 q - 3 scrolls of vulnerability {unknown}
 s - 2 scrolls of brand weapon {unknown}
 D - 2 scrolls of fog {unknown}
 E - a scroll of torment {unknown}
 F - 4 scrolls of identify
 H - a scroll of immolation {unknown}
Potions
 a - 3 potions of magic
 c - 4 potions of heal wounds
 f - 2 potions of attraction
 h - a potion of might
 i - 2 potions of invisibility
 j - 7 potions of ambrosia
 k - a potion of berserk rage
 p - 2 potions of degeneration
 t - a potion of cancellation
 u - a potion of lignification
 w - a potion of curing
 x - a potion of brilliance
 z - 2 potions of resistance
 A - 2 potions of mutation
 J - a potion of haste


   Skills:
 + Level 8.6 Fighting
 + Level 11.6 Dodging
 - Level 2.6 Stealth
 + Level 9.0 Spellcasting
 - Level 5.0 Hexes
 - Level 10.0 Summonings
 + Level 6.9 Air Magic


You had 14 spell levels left.
You knew the following spells:

 Your Spells              Type           Power      Damage    Failure   Level
a - Summon Small Mammal   Summ           100%       N/A       1%          1
b - Call Imp              Summ           70%        N/A       1%          2
c - Call Canine Familiar  Summ           70%        N/A       1%          3
d - Summon Guardian Gole  Hex/Summ       60%        N/A       1%          3
e - Summon Lightning Spi  Summ/Air       64%        N/A       1%          4

Your spell library contained the following spells:

 Spells                   Type           Power      Damage    Failure   Level
 Poisonous Vapours        Pois/Air       76%        N/A       1%          2
 Sting                    Tmut/Pois      60%        1d6       3%          1
 Conjure Flame            Conj/Fire      15%        6-21      9%          3
 Ignite Poison            Fire/Tmut/Pois 15%        N/A       9%          3
 Fulminant Prism          Conj/Hex       16%        3d11      11%         4
 Iskenderun's Mystic Bla  Conj/Tloc      15%        2d5       28%         4
 Olgreb's Toxic Radiance  Pois           15%        N/A       28%         4
 Sticky Flame             Conj/Fire      15%        2d4       28%         4
 Lee's Rapid Deconstruct  Erth           7%         3d8*      63%         5


Dungeon Overview and Level Annotations

Branches:
Dungeon (12/15)            Temple (1/1) D:4            Lair (0/5) D:10
    Orc (0/2) D:11

Altars:
Ashenzari
Cheibriados
Dithmenos
Gozag
Nemelex Xobeh
Okawaru
Ru
Sif Muna
Trog
Yredelemnul
The Shining One

Annotations:
D:12 Rupert


Innate Abilities, Weirdness & Mutations

You have sharp claws.
You have razor-sharp teeth.
You have supernaturally acute eyesight. (SInv)
You cover ground quickly. (Speed+)
You are covered in thick fur. (AC +2)
Your paws help you pounce on unaware monsters.
You are incapable of wielding weapons or throwing items.
You cannot wear armour.
You gain extra lives every three experience levels.


Message History

Casting: Summon Guardian Golem (safe; 1% risk of failure)
Confirm with . or Enter, or press ? or * to list all spells.
A guardian golem appears, shielding your allies.
Rupert roars wildly at you.
You are confused.
What are your orders? t - Meow!
Anything else - Cancel.
Okay, then.
Rupert looks as if he doubts whether you exists.
Are you sure you want to stumble around while confused and next to your guardian golem? [Y]es or [N]o only, please.
Are you sure you want to stumble around while confused and next to your guardian golem?
You bump into the rock wall.
Rupert roars madly and goes into a rage!
Rupert goes berserk!
Are you sure you want to stumble around while confused and next to your guardian golem?
Are you sure you want to stumble around while confused and next to your guardian golem? [Y]es or [N]o only, please.
Are you sure you want to stumble around while confused and next to your guardian golem? [Y]es or [N]o only, please.
Are you sure you want to stumble around while confused and next to your guardian golem?
You scratch your guardian golem but do no damage.
Your guardian golem disappears in a puff of smoke!
Rupert is engulfed in blazing flames.
You enter the shallow water.
Moving in this stuff is going to be slow.
You're too confused to cast spells.
Okay, then.
Unknown command.
You're too confused to cast spells.
Okay, then.
You bump into the rock wall.
Rupert closely misses you.
Okay, then.
You are too confused!
You fade into invisibility!
Rupert hits you with a +1 vorpal great mace!!!
Ouch! That really hurt!
* * * LOW HITPOINT WARNING * * *
You die...
Your body crumbles into a pile of gold.

##~~~~~## $#~~~~~~~####
##~~~~~###.. . ##~~~## #.#
... ##~~~~~###.# #####.....
##~)~~~~~##.###§.☼..#
##~~~~~~~~~#.#.>§#####
#~~~~~~~~~~~.@.###
#~~~~~~~~~~~~@###
..~~~~~~~~~~~~~#
....~~~~~~~~~~~.#
..##.~~~~~~~~~#.# #########
#....><~~~~~~...# #.......#
###.#~~~~~##..# ### #.......#
.....~~~..)..###~####.......#
##.###~####.###~~~..........#
#........#.##~~~~......#####


You could see Rupert (berserk).

Vanquished Creatures
  A killer bee (D:11)
  2 endoplasms
  A goblin (D:2)
  A hobgoblin (D:2)
  A quokka (D:1)
  2 ball pythons
  3 bats
  2 frilled lizards (D:1)
  2 kobolds
  2 rats
17 creatures vanquished.

Vanquished Creatures (collateral kills)
  Erica (D:9)
  2 two-headed ogres
  A cyclops (D:11)
  An unseen horror (D:12)
  A komodo dragon (D:11)
  4 trolls
  A shadow (D:12)
  Sigmund (D:2)
  2 water elementals (D:12)
  3 yaks (D:8)
  2 wyverns
  Eustachio (D:5)
  2 basilisks (D:10)
  2 steam dragons
  4 vampire mosquitoes
  2 water moccasins
  An ice beast (D:7)
  2 black bears
  An orc warrior (D:10)
  A wolf (D:11)
  3 centaurs
  3 boggarts
  2 phantoms (D:6)
  3 kobold brigands
  A bullfrog (D:6)
  A necrophage (D:5)
  2 scorpions
  6 wights
  29 killer bees
  An electric eel (D:12)
  3 howler monkeys (D:7)
  A nameless horror (D:9)
  6 orc priests
  A gnoll bouda (D:8)
  4 hounds
  2 jellies
  3 iguanas
  8 orc wizards
  Robin (D:2)
  17 gnolls
  7 adders
  2 shadow imps
  2 white imps
  A dart slug (D:3)
  34 orcs
  A bat (D:1)
  6 endoplasms
  3 giant cockroaches
  12 goblins
  13 hobgoblins
  8 jackals
  13 kobolds
  5 quokkas
  9 ball pythons
  4 frilled lizards
252 creatures vanquished.

Vanquished Creatures (others)
  A two-headed ogre (D:9)
  Amaemon (D:9)
  An orange demon (D:9)
  A komodo dragon (D:10)
  A queen bee (D:11)
  A troll (D:10)
  2 basilisks (D:10)
  5 yaks
  Grum (D:11)
  2 vampire mosquitoes (D:10)
  The ghost of btbam the Slasher, an amateur TeBe of Trog (D:3)
  An ice beast (D:6)
  4 orc warriors
  2 black bears
  3 wolves (D:11)
  A centaur (D:7)
  A bullfrog (D:7)
  A scorpion (D:6)
  5 killer bees
  A jelly (D:7)
  An orc wizard (D:7)
  3 gnolls (D:4)
  An orc (D:7)
41 creatures vanquished.

Grand Total: 310 creatures vanquished

Notes
Turn   | Place    | Note
-------+----------+-------------------------------------------
     0 | D:1      | funnyparkerb the Felid Summoner began the quest for the
                  | Orb.
     0 | D:1      | Reached XP level 1. HP: 7/7 MP: 4/4
    34 | D:1      | You fall into a shaft and drop 1 floor!
   345 | D:1      | Reached XP level 2. HP: 11/11 MP: 4/6
   354 | D:1      | Learned a level 2 spell: Call Imp
  1393 | D:2      | Reached XP level 3. HP: 14/14 MP: 1/8
  1603 | D:2      | Noticed Sigmund
  1629 | D:1      | Learned a level 3 spell: Call Canine Familiar
  1667 | D:2      | Killed Sigmund
  1668 | D:2      | Reached skill level 5 in Summonings
  1668 | D:2      | Reached XP level 4. HP: 18/18 MP: 1/11
  1668 | D:2      | Reached XP level 5. HP: 21/21 MP: 1/12
  1672 | D:2      | Learned a level 3 spell: Summon Guardian Golem
  1902 | D:2      | Reached skill level 3 in Dodging
  1908 | D:2      | Reached skill level 1 in Hexes
  2272 | D:2      | Noticed Robin
  2278 | D:2      | Slain by a hobgoblin
  2279 | D:2      | Reached XP level 4. HP: 0/18 MP: 9/11
  2376 | D:2      | Killed Robin
  2377 | D:2      | Reached XP level 5. HP: 10/21 MP: 12/12
  2929 | D:3      | Reached skill level 1 in Fighting
  3146 | D:3      | Found a runed translucent door.
  3156 | D:3      | Noticed btbam's ghost (amateur TeBe)
  3335 | D:3      | Found a faded altar of an unknown god.
  3510 | D:3      | Gained mutation: You are covered in thick fur. (AC +2)
                  | [Felid growth]
  3510 | D:3      | Reached XP level 6. HP: 11/25 MP: 11/13
  3579 | D:3      | Killed btbam's ghost
  3580 | D:3      | Reached skill level 4 in Dodging
  4294 | D:4      | Reached XP level 7. HP: 30/30 MP: 10/14
  4599 | D:4      | Found a staircase to the Ecumenical Temple.
  4634 | Temple   | Entered the Ecumenical Temple
  4657 | Temple   | Became a worshipper of Gozag Ym Sagoz the Greedy
  5164 | D:5      | Entered Level 5 of the Dungeon
  5305 | D:5      | Found a broken altar of Ashenzari.
  5306 | D:5      | Found a glowing golden altar of the Shining One.
  5332 | D:5      | Identified the +0 robe of Mumblety Peg {rCorr}
  5578 | D:5      | Reached skill level 5 in Dodging
  5578 | D:5      | Reached skill level 5 in Spellcasting
  5625 | D:5      | Noticed Eustachio
  5666 | D:5      | Killed Eustachio
  5933 | D:5      | Found a snail-covered altar of Cheibriados.
  6199 | D:6      | Reached XP level 8. HP: 34/34 MP: 12/16
  6212 | D:6      | Reached skill level 5 in Hexes
  6365 | D:6      | Reached skill level 6 in Dodging
  6419 | D:6      | Learned a level 4 spell: Summon Lightning Spire
  6650 | D:6      | Reached skill level 1 in Air Magic
  7321 | D:7      | Reached XP level 9. HP: 39/39 MP: 10/18
  7465 | D:7      | Reached skill level 7 in Dodging
  7966 | D:7      | Reached skill level 5 in Fighting
  8126 | D:7      | Found an iron altar of Okawaru.
  8740 | D:8      | Reached skill level 8 in Dodging
  9072 | D:8      | Noticed a two-headed ogre
  9121 | D:8      | Killed a two-headed ogre
  9122 | D:8      | Reached XP level 10. HP: 45/45 MP: 9/21
 10632 | D:8      | Reached skill level 9 in Dodging
 11274 | D:9      | Found a sacrificial altar of Ru.
 11410 | D:9      | Noticed a two-headed ogre
 11425 | D:9      | Killed a two-headed ogre
 11439 | D:9      | Noticed Erica
 11678 | D:9      | Killed Erica
 11679 | D:9      | Reached skill level 5 in Air Magic
 12264 | D:9      | Noticed Amaemon
 12270 | D:9      | Noticed an orange demon
 12290 | D:9      | Killed Amaemon
 12290 | D:9      | Killed an orange demon
 12291 | D:9      | Reached XP level 11. HP: 31/50 MP: 12/23
 12460 | D:10     | Entered Level 10 of the Dungeon
 12494 | D:10     | Reached skill level 10 in Dodging
 13544 | D:10     | Identified the +1 ring mail of Fedhas's Condemnation {Str+3
                  | Int+3}
 13736 | D:10     | Engulfed by a steam dragon's steam
 13737 | D:10     | Reached XP level 10. HP: -6/47 MP: 23/23
 13910 | D:10     | Found a staircase to the Lair.
 14285 | D:11     | Noticed Grum
 14297 | D:11     | Killed Grum
 15243 | D:11     | Reached skill level 11 in Dodging
 15243 | D:11     | Reached skill level 10 in Summonings
 15278 | D:11     | Reached XP level 11. HP: 44/51 MP: 19/24
 15524 | D:11     | HP: 1/51 [killer bee (2)]
 15525 | D:11     | Succumbed to a killer bee's poison
 15526 | D:11     | Reached XP level 10. HP: 0/48 MP: 14/23
 15543 | D:11     | Noticed a cyclops
 15553 | D:11     | Killed a cyclops
 15999 | D:11     | Found a staircase to the Orcish Mines.
 16185 | D:11     | Noticed a two-headed ogre
 16224 | D:11     | Killed a two-headed ogre
 17218 | D:12     | Noticed Rupert
 17245 | D:12     | Mangled by Rupert

Illustrated notes

Levels and vault maps discovered:
D:1:      saegor_arrival_fortress, layout_basic, chequers_serial_rivers_micro_e
D:2:      layout_basic, uniq_robin, uniq_sigmund
D:3:      layout_basic, ebering_ecumenical_altar_hall, ebering_ghost_sewer_d
D:4:      layout_loops_corners, minmay_temple_entry_offerings
D:5:      layout_basic, mainiacjoe_overflow_divided_tiny, kennysheep_mini_moat,
          uniq_eustachio
D:6:      layout_loops_ring
D:7:      layout_rooms, okawaru_altar_gauntlet_db, serial_bayou_pond_e
D:8:      layout_loops_cross
D:9:      layout_gridville, nicolae_ru_sacrificial_ziggurat, uniq_erica,
          uniq_amaemon
D:10:     layout_rooms, erik_lair_dragon, minmay_orc_keep
D:11:     layout_roguey [special_room_bee], orc_0_dummy,
          ebering_dispersal_statue_hall, uniq_grum
D:12:     minmay_bloctagon, layout_basic, minmay_misc_feat_tiny,
          blue_anna_alchemist, uniq_rupert
Temple:   nicolae_temple_bog_church

Skill      XL: |  1  2  3  4  5  6  7  8  9 10 11 |
---------------+----------------------------------+-----
Spellcasting   | 4 5 6 9 8 |  9.0
Summonings     | 5 6 7 8 10 | 10.0
Dodging        | 3 4 5 6 8 11 10 | 11.6
Hexes          | 2 3 4 5 |  5.0
Fighting       | 1 2 3 4 5 8 |  8.6
Air Magic      | 1 3 6 |  6.9
Stealth        | |  2.6

Action                   |  1- 3 |  4- 6 |  7- 9 | 10-12 || total
-------------------------+-------+-------+-------+-------++-------
Melee: Unarmed           |    38 |    41 |    12 |    34 ||   125
       Bite              |     1 |     8 |     2 |     5 ||    16
       Punch             |     1 |       |       |       ||     1
 Cast: Summon Small Mamm |    25 |       |       |     1 ||    26
       Call Imp          |     3 |     9 |    12 |     7 ||    31
       Call Canine Famil |     3 |    19 |    33 |    49 ||   104
       Summon Guardian G |       |     3 |    28 |    66 ||    97
       Summon Lightning  |       |       |     4 |    52 ||    56
  Use: Potion            |       |     1 |     2 |     3 ||     6
       Scroll            |       |       |    11 |     2 ||    13
 Stab: Sleeping          |     2 |       |     1 |       ||     3
       Betrayed ally     |       |       |     1 |       ||     1
Armor: Skin              |     5 |     2 |     1 |     8 ||    16
Dodge: Dodged            |    32 |    59 |    42 |   304 ||   437
Block: Other             |       |     6 |    15 |    71 ||    92
       Reflection        |       |     1 |     5 |     3 ||     9
